 Dungeon Crawl Stone Soup version 0.30.0-29-ga12c61a403 (webtiles) character file.

Game seed: 1717261084050700319

1485 ChadusMaximus the Summoner (level 8, -7/52 HPs)
             Began as a Barachi Summoner on June 24, 2023.
             Killed by divine providence
             ... invoked by an orc priest
              (11 damage)
             ... on level 7 of the Dungeon.
             The game lasted 00:06:49 (5615 turns).

ChadusMaximus the Summoner (Barachi Summoner)       Turns: 5615, Time: 00:06:50

Health: -7/52      AC:  5    Str: 10    XL:     8   Next: 79%
Magic:  9/17       EV: 13    Int: 17    God:
Gold:   381        SH:  0    Dex: 19    Spells: 9/19 levels left

rFire   . . .        D - +1 scimitar (vamp)
rCold   . . .        (no shield)
rNeg    . . .        a - +0 robe
rPois   .            v - +0 helmet
rElec   .            (no cloak)
rCorr   .            A - +0 pair of gloves
SInv    .            l - +0 pair of boots
Will    .....        (no amulet)
Stlth   ++           o - +6 ring of dexterity
HPRegen 0.28/turn    (no ring)
MPRegen 0.15/turn

%: no passive effects
@: unable to hop, slow
A: amphibious, slowness 1, strong legs 1, +LOS
a: Hop


You were on level 7 of the Dungeon.
You visited 2 branches of the dungeon, and saw 8 of its levels.

You collected 381 gold pieces.

Inventory:

Hand Weapons
 g - a +0 short sword
 m - a +0 sling
 u - a +0 falchion
 w - a +0 long sword
 D - a +1 vampiric scimitar (weapon)
Missiles
 y - a throwing net
Armour
 a - a +0 robe (worn)
 l - a +0 pair of boots (worn)
 v - a +0 helmet (worn)
 A - a +0 pair of gloves (worn)
Jewellery
 o - a +6 ring of dexterity (left hand)
 F - a ring of fire
Wands
 s - a wand of paralysis (11)
 G - a wand of flame (11)
Scrolls
 d - 5 scrolls of teleportation
 e - a scroll of fog {unknown}
 f - 6 scrolls of identify {unknown}
 i - 3 scrolls of noise {unknown}
 j - 3 scrolls of poison {unknown}
 k - a scroll of brand weapon {unknown}
 r - a scroll of blinking {unknown}
 B - a scroll of immolation {unknown}
 C - a scroll of acquirement {unknown}
 E - a scroll of vulnerability {unknown}
Potions
 b - 2 potions of magic
 c - 4 potions of degeneration {unknown}
 h - 2 potions of heal wounds
 n - 2 potions of mutation {unknown}
 p - 4 potions of curing {unknown}
 q - 2 potions of brilliance {unknown}
 t - 2 potions of haste {unknown}
 x - a potion of flight {unknown}
 z - a potion of attraction {unknown}
 H - a potion of might {unknown}


   Skills:
 - Level 2.5 Dodging
 - Level 2.1 Stealth
 + Level 6.4 Spellcasting
 * Level 11.2 Summonings


You had 9 spell levels left.
You knew the following spells:

 Your Spells              Type           Power      Damage    Failure   Level
a - Summon Small Mammal   Summ           100%       N/A       1%          1
b - Call Canine Familiar  Summ           43%        N/A       1%          3
c - Call Imp              Summ           86%        N/A       1%          2
d - Summon Lightning Spi  Summ/Air       24%        N/A       12%         4

Your spell library contained the following spells:

 Spells                   Type           Power      Damage    Failure   Level
 Summon Guardian Golem    Hex/Summ       24%        N/A       3%          3


Dungeon Overview and Level Annotations

Branches:
Dungeon (7/15)             Temple (1/1) D:6

Altars:
Ashenzari
Cheibriados
Dithmenos
Elyvilon
Gozag
Kikubaaqudgha
Nemelex Xobeh
Okawaru
Qazlal
Ru
Sif Muna
Trog
Uskayaw
Vehumet
Xom
Yredelemnul
Zin
The Shining One

Shops:
D:3 !


Innate Abilities, Weirdness & Mutations

You are amphibious.
You cover ground slowly.
You can hop short distances.
You have an extended range of vision and can be seen from far away.


Message History

Your hound bites the orc warrior but does no damage.
The orc warrior hits you with a +0 dire flail!
The orc throws a boomerang.
The boomerang closely misses your hound.
The boomerang barely misses the orc warrior.
The boomerang barely misses you.
The orc warrior attacks as you move away!
The orc warrior hits you with a +0 dire flail.
* * * LOW HITPOINT WARNING * * *
Your hound barely misses the orc warrior.
Your lightning spire shoots out a bolt of lightning at the orc!
The bolt of electricity hits the orc!
The orc dies!
Your hound bites the orc warrior but does no damage.
Hop to where?
Press: ? - help, Dir - move target Boing!
Your hound bites the orc warrior but does no damage. x2
The orc warrior barely misses your hound.
Your hound bites the orc warrior but does no damage.
Your hound bites the orc warrior but does no damage.
Your hound bites the orc warrior but does no damage.
The orc priest calls upon Beogh to heal the orc warrior.
The orc warrior is healed somewhat.
The orc priest begins to cast a cantrip, but forgets the words!
Casting: Call Canine Familiar (safe; 1% risk of failure)
Confirm with . or Enter, or press ? or * to list all spells.
The spell is quite dangerous to miscast (12% risk of failure)!
Continue anyway?
An electric hum fills the air.
Your hound bites the orc warrior.
Your hound barely misses the orc warrior.
The orc priest invokes the aid of Beogh against you.
Beogh smites you!
* * * LOW HITPOINT WARNING * * *
Your lightning spire shoots out a bolt of lightning at the orc warrior!
The bolt of electricity hits the orc warrior!
Unknown command.
The orc priest mumbles some strange prayers to Beogh against you.
Beogh smites you!
You die...

###### #....# #.@..# #....#
#....# ########## #....#
..##.....# #..o.#########
..#......########h8............
..'.............#..............
####....>.......#..o...........
#............#.............


You could see an orc warrior (distracted, ally target), an orc priest, a
friendly lightning spire (summoned) and a friendly hound (summoned).

Vanquished Creatures
  An ogre (D:5)
  A bullfrog (D:6)
  A wight (D:6)
  2 jellies
  A hound (D:4)
  2 adders
  A white imp (D:6)
  A dart slug (D:2)
  2 orcs
  6 endoplasms
  A giant cockroach (D:2)
  8 goblins
  10 hobgoblins
  4 quokkas
  3 ball pythons
  6 bats (D:2)
  3 frilled lizards (D:1)
  3 kobolds
  6 rats (D:1)
62 creatures vanquished.

Vanquished Creatures (collateral kills)
  An ice beast (D:6)
  An orc warrior (D:7)
  An ogre (D:5)
  A kobold brigand (D:7)
  A gnoll sergeant (D:7)
  A bullfrog (D:3)
  A scorpion (D:6)
  3 wights (D:6)
  3 hounds
  An orc priest (D:6)
  A sleepcap (D:6)
  An iguana (D:4)
  4 orc wizards
  8 gnolls
  3 adders
  2 shadow imps (D:7)
  An ufetubus (D:5)
  2 worms
  A dart slug (D:1)
  13 orcs
  4 endoplasms
  A giant cockroach (D:1)
  A goblin (D:1)
  2 bats
  A frilled lizard (D:1)
  5 kobolds
  2 rats (D:1)
66 creatures vanquished.

Grand Total: 128 creatures vanquished

Notes
Turn   | Place    | Note
-------+----------+-------------------------------------------
     0 | D:1      | ChadusMaximus the Barachi Summoner began the quest for the
                  | Orb.
     0 | D:1      | Reached XP level 1. HP: 13/13 MP: 3/3
   220 | D:1      | Reached XP level 2. HP: 16/19 MP: 5/5
   287 | D:1      | Reached skill level 5 in Summonings
   850 | D:1      | Reached XP level 3. HP: 20/24 MP: 6/6
   953 | D:2      | Learned a level 3 spell: Call Canine Familiar
   956 | D:2      | Learned a level 2 spell: Call Imp
  1230 | D:2      | Reached XP level 4. HP: 28/30 MP: 5/8
  1355 | D:2      | Identified the +6 scale mail "Jauraad" {Rampage}
  1501 | D:2      | Reached skill level 6 in Summonings
  1802 | D:3      | Found a white marble altar of Elyvilon.
  1812 | D:3      | Found Faiv's Distillery.
  1849 | D:3      | Noticed a bullfrog
  1856 | D:3      | Killed a bullfrog
  1857 | D:3      | Reached XP level 5. HP: 21/35 MP: 3/10
  2346 | D:4      | Reached skill level 7 in Summonings
  2460 | D:4      | Reached XP level 6. HP: 41/41 MP: 11/11
  2713 | D:4      | Noticed a yak
  3126 | D:5      | Entered Level 5 of the Dungeon
  3138 | D:5      | Reached skill level 8 in Summonings
  3305 | D:5      | Reached XP level 7. HP: 46/46 MP: 13/13
  3630 | D:5      | Found a stormy altar of Qazlal.
  3800 | D:6      | Reached skill level 5 in Spellcasting
  3800 | D:6      | Reached skill level 9 in Summonings
  4072 | D:6      | Reached XP level 8. HP: 47/52 MP: 9/16
  4161 | D:6      | Reached skill level 10 in Summonings
  4357 | D:6      | Found a staircase to the Ecumenical Temple.
  4368 | Temple   | Entered the Ecumenical Temple
  4615 | D:6      | Found an iron altar of Okawaru.
  5084 | D:6      | Learned a level 4 spell: Summon Lightning Spire
  5327 | D:7      | Found a sparkling altar of Nemelex Xobeh.
  5336 | D:7      | Reached skill level 11 in Summonings
  5615 | D:7      | Killed from afar by an orc priest

Illustrated notes

Levels and vault maps discovered:
D:1:      dpeg_arrival_ratfight, layout_loops_ring
D:2:      layout_basic
D:3:      layout_rooms, mainiacjoe_overflow_surrounded_room, serial_shops, shop,
          minmay_gold_behind_fungi
D:4:      layout_loops_cross, lightli_corner_chamber
D:5:      layout_rooms, nicolae_qazlal_eye_of_the_storm
D:6:      layout_basic, mainiacjoe_overflow_chevrons,
          minmay_temple_entry_overgrown, water_maze_lemuel
D:7:      layout_gridville, nemelex_xobeh_ov_fountains_minmay,
          chequers_temple_overflow_statue_of_worship, nicolae_shop_vocational
Temple:   compressed_dpeg_circular_temple

Skill      XL: |  1  2  3  4  5  6  7  8 |
---------------+-------------------------+-----
Stealth        | 2 |  2.1
Summonings     | 5 6 7 8 9 11 | 11.2
Spellcasting   | 3 4 5 6 |  6.4
Dodging        | |  2.5

Action                     |  1- 3 |  4- 6 |  7- 9 || total
---------------------------+-------+-------+-------++-------
  Melee: Unarmed           |    44 |       |       ||    44
         Punch             |     4 |       |       ||     4
         Short sword       |    72 |    33 |       ||   105
         Scimitar          |       |       |    13 ||    13
   Fire: Sling             |       |   118 |    33 ||   151
   Cast: Summon Small Mamm |    16 |     5 |     3 ||    24
         Call Canine Famil |     2 |     7 |    17 ||    26
         Call Imp          |     2 |     5 |     8 ||    15
         Summon Lightning  |       |       |     5 ||     5
Ability: Hop               |       |     2 |     2 ||     4
    Use: Potion            |     1 |       |       ||     1
   Stab: Sleeping          |     3 |     2 |     1 ||     6
         Distracted        |     1 |       |       ||     1
 Armour: Robe              |    37 |    36 |    10 ||    83
  Dodge: Dodged            |    83 |    66 |    35 ||   184
